 Dungeon Crawl Stone Soup version 0.30-a0-718-geaa24f58ff (webtiles) character file.

Game seed: 17660998624916624408

114 mopl the Insei (level 5, -6/37 HPs)
             Began as a Djinni Transmuter on Jan 25, 2023.
             Killed by nerve-wracking pain
             ... invoked by Grinder
              (9 damage)
             ... on level 3 of the Dungeon.
             The game lasted 00:02:28 (1732 turns).

mopl the Insei (Djinni Transmuter)                  Turns: 1732, Time: 00:02:28

Health: -6/37      AC:  2    Str: 11    XL:     5   Next: 19%
Gold:   98         EV: 12    Int: 14    God:
                   SH:  0    Dex: 14

rFire   + + .      SeeInvis .    c - +2 dagger (venom)
rCold   x . .      Faith    .    (no shield)
rNeg    . . .      Spirit   .    a - +0 robe
rPois   ∞          Reflect  .    (no helmet)
rElec   .          Harm     .    (no cloak)
rCorr   .          Rampage  .    (no gloves)
Will    .....                    (boots unavailable)
Stlth   +                        (no amulet)
HPRegen 0.26/turn                (no ring)
MPRegen 0.00/turn                (no ring)

@: flying, very slightly contaminated
A: sickness immunity, fire resistance 2, cold vulnerability 1, float, innate
caster, HP casting, extra vitality 1
a: no special abilities


You were on level 3 of the Dungeon.
You visited 1 branch of the dungeon, and saw 3 of its levels.

You collected 98 gold pieces.

Inventory:

Hand Weapons
 c - a +2 dagger of venom (weapon)
Missiles
 g - 2 boomerangs of dispersal
Armour
 a - a +0 robe (worn)
 i - the +2 ring mail "Fyrphauty" {rF+ Int+6}
   (You found it on level 2 of the Dungeon)

   Int:       It affects your intelligence (+6).
   rF:        It protects you from fire.
Scrolls
 d - 2 scrolls of fog {unknown}
 e - a scroll of amnesia {unknown}
 f - a scroll of enchant armour {unknown}
Potions
 b - a potion of lignification {!q}
 h - a potion of degeneration {unknown}


   Skills:
 - Level 1.0 Fighting
 - Level 2.1 Dodging
 * Level 4.8 Unarmed Combat
 + Level 2.4 Spellcasting


You couldn't memorise any spells.
You knew the following spells:

 Your Spells              Type           Power      Damage    Failure   Level
a - Beastly Appendage     Tmut           16%        N/A       9%          1
b - Spider Form           Tmut/Pois      8%         N/A       24%         3
c - Foxfire               Conj/Fire      32%        2x1d5     9%          1
d - Ice Form              Ice/Tmut       8%         N/A       63%         4
e - Poisonous Vapours     Pois/Air       16%        N/A       12%         2
w - Wereblood             Tmut           8%         N/A       12%         2
Your spell library was empty.

Dungeon Overview and Level Annotations

Branches:
Dungeon (3/15)

Altars:
Cheibriados
Ru

Annotations:
D:3 Grinder


Innate Abilities, Weirdness & Mutations

You are immune to sickness and miasma.
You are immune to poison.
Your flesh is very heat resistant. (rF++)
You are vulnerable to cold. (rC-)
You float through the air rather than walking.
You learn spells naturally, not from books.
Your magical power is your life essence.
You have superior vitality. (+4 MHP)


Message History

You miscast Foxfire.
Nothing appears to happen.
Grinder gestures at you. You resist with significant effort.
Unknown command.
Casting: Foxfire (safe; 9% risk of failure)
Confirm with . or Enter, or press ? or * to list all spells.
You conjure some foxfire!
Grinder blinks!
Casting: Foxfire (safe; 9% risk of failure)
Confirm with . or Enter, or press ? or * to list all spells.
You conjure some foxfire!
The foxfire hits Grinder.
Grinder is heavily wounded.
The foxfire hits Grinder.
Grinder is heavily wounded.
Grinder gestures at you.
You suddenly lose the ability to move!
The foxfire hits Grinder.
Grinder is heavily wounded.
The foxfire hits Grinder.
Grinder is severely wounded.
Grinder hits you.
You writhe in agony.
You can move again.
Unknown command.
Casting: Foxfire (safe; 9% risk of failure)
Confirm with . or Enter, or press ? or * to list all spells.
You conjure some foxfire!
Grinder hits you. Grinder attacks as you move away! Grinder hits you.
* * * LOW HITPOINT WARNING * * *
You writhe in agony.
* * * LOW HITPOINT WARNING * * *
The foxfire hits Grinder.
Grinder is severely wounded.
The foxfire hits Grinder.
Grinder is severely wounded.
Casting: Foxfire (safe; 9% risk of failure)
Confirm with . or Enter, or press ? or * to list all spells.
You conjure some foxfire!
* * * LOW HITPOINT WARNING * * *
Grinder gestures at you. Pain shoots through your body!
You die...

#.######.##### #............#
#.[#####.###.# #..##....# #.#
# #..##.#### #.## # . #..<#.##
##..### # ..###### ##.....#
#.....# # ......... #.5...#
#.....# ##
...r.....###v@...####.....###.
........#.##v....#............
#.5.#.#.#.................)
#..#...#............_......
#.....#..................
#.~~~.#.................#
#~.r.~#.########.....####
#~._.~#.# #.....# #~...~#.#
#.....#


You could see Grinder (ally target) and a quokka.

Vanquished Creatures
  A mummy (D:3)
  An adder (D:2)
  4 gnolls
  A worm (D:2)
  3 bats
  3 endoplasms (D:1)
  A giant cockroach (D:2)
  3 hobgoblins (D:1)
  4 jackals (D:2)
  4 ball pythons
  3 frilled lizards
  9 goblins
  6 kobolds
  8 rats
51 creatures vanquished.

Vanquished Creatures (others)
  19 foxfires (D:3)
19 creatures vanquished.

Grand Total: 70 creatures vanquished

Notes
Turn   | Place    | Note
-------+----------+-------------------------------------------
     0 | D:1      | mopl the Djinni Transmuter began the quest for the Orb.
     0 | D:1      | mopl set off with the following spells memorised: Beastly
                  | Appendage, Wereblood, Spider Form, Ice Form.
     0 | D:1      | Reached XP level 1. HP: 17/17 MP: 0/0
    78 | D:1      | Reached XP level 2. HP: 16/22 MP: 0/0
   300 | D:1      | HP: 1/22 [gnoll/+0 club (3)]
   306 | D:1      | Reached skill level 2 in Spellcasting
   306 | D:1      | Reached XP level 3. HP: 3/27 MP: 0/0
   306 | D:1      | Learned a level 1 spell: Foxfire
   410 | D:1      | Found a faded altar of an unknown god.
   520 | D:1      | Reached skill level 4 in Unarmed Combat
   721 | D:2      | Reached XP level 4. HP: 31/32 MP: 0/0
  1108 | D:2      | Identified the +2 ring mail "Fyrphauty" {rF+ Int+6}
  1542 | D:3      | Reached XP level 5. HP: 29/37 MP: 0/0
  1542 | D:3      | Learned a level 2 spell: Poisonous Vapours
  1582 | D:3      | Found a snail-covered altar of Cheibriados.
  1703 | D:3      | Found a sacrificial altar of Ru.
  1708 | D:3      | Noticed Grinder
  1728 | D:3      | Paralysed by Grinder for 2 turns
  1732 | D:3      | Killed from afar by Grinder

Illustrated notes

Levels and vault maps discovered:
D:1:      lemuel_arrival_broad_hall, layout_basic, ebering_ecumenical_altar_box
D:2:      layout_basic
D:3:      layout_basic, slow_altar_1, nicolae_ru_awakened_eye, uniq_grinder

Skill      XL: |  1  2  3 |
---------------+----------+-----
Spellcasting   | 2 |  2.4
Unarmed Combat | 4 |  4.8
Fighting       | |  1.0
Dodging        | |  2.1

Action                     |  1- 3 |  4- 6 || total
---------------------------+-------+-------++-------
  Melee: Unarmed           |    32 |       ||    32
         Headbutt          |     5 |       ||     5
         Dagger            |    43 |    59 ||   102
         Punch             |       |     1 ||     1
   Cast: Beastly Appendage |     6 |       ||     6
         Foxfire           |       |    12 ||    12
   Stab: Sleeping          |     1 |       ||     1
 Armour: Robe              |     9 |     6 ||    15
  Dodge: Dodged            |    43 |    38 ||    81

Table legend: (Time is in decaauts)
 A = Elapsed time spent in this place.
 B = Non-inter-level travel time spent in this place.
 C = Inter-level travel time spent in this place.
 D = Time resting spent in this place.
 E = Time spent auto-exploring this place.
 F = Levels seen in this place.
 G = Mean time per level.
                   A        B        C        D        E       F      G
               +--------+--------+--------+--------+--------+-----+--------+
         Total |   1729 |   1666 |     63 |    215 |   1065 |   3 |  576.3 |
       Dungeon |   1729 |   1666 |     63 |    215 |   1065 |   3 |  576.3 |
               +--------+--------+--------+--------+--------+-----+--------+

Top non-repeatable levels by time:
     D:2: 805 daAuts
     D:1: 691 daAuts
     D:3: 232 daAuts
